 Dungeon Sprint DCSS version 0.30.1-9-gdf580d7c3d (webtiles) character file.

Game seed: 12575961855564584853

83 Heoruswealwe the Poker (level 4, -3/44 HPs)
             Began as a Minotaur Fighter on Oct 10, 2023.
             Slain by a scorpion (5 damage)
             ... in the Dungeon (Sprint IX: "|||||||||||||||||||||||||||||").
             The game lasted 00:01:16 (51 turns).

Heoruswealwe the Poker (Minotaur Fighter)             Turns: 51, Time: 00:01:17

Health: -3/44      AC: -8    Str: 22    XL:     4   Next: 22%
Magic:  3/3        EV:  9    Int:  5    God:
Gold:   0          SH:  4    Dex: 10    Spells: 3/3 levels left

rFire   . . .        a - +0 trident
rCold   . . .        d - +0 buckler
rNeg    . . .        c - +0 scale mail
rPois   .            (helmet restricted)
rElec   .            (no cloak)
rCorr   .            (no gloves)
SInv    .            (no boots)
Will    .....        (no amulet) Stlth
                     (no ring)
HPRegen 0.27/turn    (no ring)
MPRegen 0.08/turn

%: no teleportation
@: corroded
A: horns 2, retaliatory headbutt
a: no special abilities


You were in the Dungeon.
You visited 1 branch

Inventory:

Hand Weapons
 a - a +0 trident (weapon)
Armour
 c - a +0 scale mail (worn)
 d - a +0 buckler (worn)
Scrolls
 j - a scroll of blinking
Potions
 b - a potion of might
 g - a potion of haste
 i - a potion of berserk rage


   Skills:
 + Level 6.1 Fighting
 * Level 7.4 Polearms
 + Level 6.1 Armour
 - Level 3.6 Shields


You had 3 spell levels left.
You didn't know any spells.
Your spell library was empty.

Dungeon Overview and Level Annotations

Branches:
Dungeon (1/1)

Altars:


Innate Abilities, Weirdness & Mutations

You have a pair of horns on your head.
You reflexively headbutt those who attack you in melee.


Message History

You miss the adder. The adder bites you.
* * * LOW HITPOINT WARNING * * *
You are poisoned.
The adder poisons you!
You feel better. The adder bites you but does no damage.
You puncture the adder! You headbutt the adder.
You kill the adder!
The ufetubus barely misses you.
The ufetubus hits you but does no damage.
Your Polearms skill increases to level 6!
You hit the ufetubus but do no damage. You block the ufetubus's attack.
The ufetubus hits you but does no damage.
You puncture the ufetubus!
You kill the ufetubus!
You completely miss the jelly. The jelly hits you but does no damage.
You hit the jelly. The acid corrodes you!
Your hands burn!
The jelly is moderately wounded.
The jelly hits you but does no damage.
You feel much better. The jelly completely misses you.
You hit the jelly.
Your hands burn!
You headbutt the jelly.
The jelly is moderately wounded.
The jelly hits you. The acid corrodes you!
You are splashed with acid!
You puncture the jelly!
Your hands burn!
The jelly is severely wounded.
The jelly jiggles.
The jelly hits you. The acid corrodes you!
You are splashed with acid!
* * * LOW HITPOINT WARNING * * *
You hit the jelly but do no damage. The acid corrodes you!
Your hands burn!
* * * LOW HITPOINT WARNING * * *
The jelly is severely wounded.
The jelly closely misses you.
You hit the jelly.
You kill the jelly!
Your Fighting skill increases to level 6!
Your Polearms skill increases to level 7!
Your Armour skill increases to level 6!
You have reached level 4!
You feel agile.
You hit the scorpion but do no damage. The scorpion stings you.
You die...

▓.▓
▓!▓
▓.▓
▓†▓
▓)▓
▓.▓
▓.▓
▓.▓
▓@▓
▓s▓
▓.▓
▓.▓
▓.▓
▓.▓
▓.▓
▓+▓


You could see a scorpion.

Vanquished Creatures
  A jelly (D)
  A sleepcap (D)
  An adder (D)
  An ufetubus (D)
  A dart slug (D)
  A bat (D)
  A goblin (D)
  2 hobgoblins (D)
9 creatures vanquished.

Notes
Turn   | Place    | Note
-------+----------+-------------------------------------------
     0 | D        | Heoruswealwe the Minotaur Fighter began the quest for the
                  | Orb.
     0 | D        | Reached XP level 1. HP: 19/19 MP: 0/0
     7 | D        | Reached skill level 3 in Polearms
    16 | D        | Reached skill level 4 in Polearms
    17 | D        | Reached XP level 2. HP: 28/28 MP: 1/1
    22 | D        | Noticed a scorpion
    32 | D        | Reached skill level 5 in Fighting
    32 | D        | Reached skill level 5 in Polearms
    32 | D        | Reached skill level 5 in Armour
    32 | D        | Reached XP level 3. HP: 17/36 MP: 2/2
    42 | D        | Reached skill level 6 in Polearms
    49 | D        | HP: 1/36 [acid (4)]
    51 | D        | Reached skill level 7 in Polearms
    51 | D        | Reached XP level 4. HP: 2/44 MP: 3/3
    51 | D        | Slain by a scorpion

Illustrated notes

Levels and vault maps discovered:
D:        linesprint [early_d, line_temple, items_1, d_10, items_2, lair_1,
          lair_end, items_3, orc_1, orc_end, items_4, d_15, swamp_1, shoals_1,
          snake_1, spider_1, d_20, vaults_1, items_5, swamp_end, shoals_end,
          snake_end, spider_end, vaults_end, d_27, items_6, zot_1, zot_end,
          crypt_end, forest_end, elf_end, slime_end, tomb_end, abyss_end,
          pan_hell_end]

Skill      XL: |  1  2  3 |
---------------+----------+-----
Polearms       | 4 5 7 |  7.4
Fighting       | 4 5 6 |  6.1
Armour         | 4 5 6 |  6.1
Shields        | |  3.6

Action                     |  1- 3 |  4- 6 || total
---------------------------+-------+-------++-------
  Melee: Trident           |    36 |     1 ||    37
         Headbutt          |     7 |       ||     7
    Use: Potion            |     2 |       ||     2
 Armour: Scale mail        |    15 |       ||    15
  Dodge: Dodged            |     9 |       ||     9
  Block: Buckler           |     7 |       ||     7
